 Dungeon Crawl Stone Soup version 0.14-a0-2810-g474977d (webtiles) character file.

411 DarkFlameMaster the Skirmisher (level 6, -9/57 HPs)
             Began as a Lava Orc Fighter on Feb 25, 2014.
             Killed from afar by Pikel (13 damage)
             ... with a wand of cold
             ... on Level 4 of the Dungeon.
             The game lasted 00:07:23 (3098 turns).

DarkFlameMaster the Skirmisher (Lava Orc Fighter)   Turns: 3098, Time: 00:07:23

HP  -9/57        AC 11     Str 19      XL: 6   Next: 15%
MP   8/8         EV  7     Int 10      God:
Gold 108         SH 20     Dex 10      Spells:  0 memorised,  8 levels left

rFire  + + .     SeeInvis .     a - +1,+0 mace
rCold  . . .     Clarity  .     b - +0 orc scale mail
rNeg   . . .     Conserve .     c - +0 orc shield
rPois  +         rCorr    .     (no helmet)
rElec  .         rRot     .     (no cloak)
SustAb . .       Spirit   .     g - +2 pair of gloves
rMut   .         Warding  .     (no boots)
Gourm  +         Stasis   .     i - amulet of the gourmand
MR     .....                    (no ring)
                                m - ring of poison resistance {unknown}

@: flying, not resistant to hostile enchantments, extremely unstealthy
A: blink 1, conserve scrolls, deterioration 1, saprovore 1, evolution 1
a: Blink


You were on level 4 of the Dungeon.
You were not hungry.

You visited 1 branch of the dungeon, and saw 4 of its levels.

You collected 108 gold pieces.

Inventory:

Hand weapons
 a - a +1,+0 mace (weapon)
Armour
 b - a +0 orcish scale mail (worn)
 c - a +0 orcish shield (worn)
 g - a +2 pair of gloves (worn)
Comestibles
 d - a choko
 h - a bread ration
 j - a meat ration
Jewellery
 i - an amulet of the gourmand (around neck)
 m - a ring of poison resistance (left hand) {unknown}


   Skills:
 + Level 6.1 Fighting
 + Level 4.8 Maces & Flails
 + Level 2.0 Throwing
 + Level 4.9 Armour
 + Level 0.7 Dodging
 + Level 2.0 Stealth
 + Level 5.0 Shields
 + Level 2.1 Unarmed Combat
 + Level 1.5 Spellcasting
   Level 3.1 Transmutations
   Level 2.6 Fire Magic
   Level 2.9 Invocations


You had 8 spell levels left.
You didn't know any spells.

Dungeon Overview and Level Annotations

Branches:
Dungeon (4/16)
 Temple: D:4-7

Altars:

Annotations:
D:4 Eustachio, Pikel


Innate Abilities, Weirdness & Mutations

You have stony skin.
Your flesh is very heat resistant.
Your lava-based spells are more powerful.
Your flesh is vulnerable to cold.
Your heat harms attackers.
You bathe your surroundings in blazing heat.
You are too hot to use scrolls.
You are very good at protecting items from fire.
You can tolerate rotten meat.
You can translocate small distances at will.
Your body is slowly deteriorating.
You evolve.


Message History

The slave hits you but does no damage.
You hit Pikel but do no damage.
Eustachio mumbles some strange words.
You block Pikel's attack.
You hit Pikel.
Pikel is lightly wounded.
Pikel zaps a wand.
The bolt of cold hits you!
You hit Pikel but do no damage.
Pikel is lightly wounded.
Pikel zaps a wand.
The bolt of cold hits you!
* * * LOW HITPOINT WARNING * * *
You hit Pikel but do no damage.
Pikel is lightly wounded.
Pikel zaps a wand.
The bolt of cold hits you!
* * * LOW HITPOINT WARNING * * *
You hit Pikel.
Pikel is moderately wounded.
You block Pikel's attack.
The crimson imp blinks!
Pikel zaps a wand.
The bolt of cold hits you!
You die...

### #@#
#K# @@#
.K@ยง
#.#5#
.......
..#.#.#.
...5....
#.#


You could see Eustachio, Pikel, 2 slaves, a crimson imp, a white imp and a
kobold.

Vanquished Creatures
  The ghost of Yuof the Shield-Bearer, an average FoFi (D:3)
  A worker ant (D:3)
  7 adders
  A worm (D:3)
  3 giant geckos
  2 oozes
  An orc (D:4)
  3 giant cockroaches
  5 hobgoblins
  4 jackals (D:1)
  2 ball pythons
  6 bats
  3 giant newts
  11 goblins
  6 kobolds
  2 quokkas
  5 rats
63 creatures vanquished.

Vanquished Creatures (others)
  A giant frog skeleton (D:4)
  A hobgoblin (D:4)
2 creatures vanquished.

Grand Total: 65 creatures vanquished

Notes
Turn   | Place    | Note
--------------------------------------------------------------
     0 | D:1      | DarkFlameMaster, the Lava Orc Fighter, began the quest for the Orb.
     0 | D:1      | Reached XP level 1. HP: 19/19 MP: 1/1
   280 | D:1      | Reached XP level 2. HP: 22/27 MP: 2/2
   528 | D:1      | Reached skill level 4 in Fighting
   849 | D:1      | Reached skill level 5 in Fighting
   849 | D:1      | Reached skill level 1 in Spellcasting
   849 | D:1      | Reached XP level 3. HP: 33/37 MP: 2/4
  1042 | D:2      | Reached XP level 4. HP: 40/44 MP: 6/6
  1456 | D:2      | Reached skill level 6 in Fighting
  1996 | D:3      | Gained mutation: Your body is slowly deteriorating. [potion of mutation]
  1996 | D:3      | Gained mutation: You can translocate small distances at will. [potion of mutation]
  1996 | D:3      | Gained mutation: You evolve. [potion of mutation]
  2110 | D:3      | Reached XP level 5. HP: 46/50 MP: 7/7
  2253 | D:3      | Noticed Yuof's ghost (average FoFi)
  2276 | D:3      | Killed Yuof's ghost
  2276 | D:3      | Reached skill level 5 in Shields
  2567 | D:3      | Reached XP level 6. HP: 57/57 MP: 8/8
  2772 | D:4      | Noticed Pikel
  2778 | D:4      | Noticed Eustachio
  3098 | D:4      | Killed from afar by Pikel

Action                   |  1- 3 |  4- 6 || total
-------------------------+-------+-------++-------
Melee: Mace              |    69 |   177 ||   246
  Use: Scroll            |     3 |     3 ||     6
       Potion            |     2 |     6 ||     8
